 Dungeon Crawl Stone Soup version 0.28-a0-804-g60983d4ba9 (webtiles) character file.

Game seed: 7895715393442076004

187 elagabalus the Cudgeller (level 5, -3/32 HPs)
             Began as a Gargoyle Fighter on Nov 6, 2021.
             Slain by a gnoll (8 damage)
             ... on level 4 of the Dungeon on Nov 8, 2021.
             The game lasted 00:20:41 (2343 turns).

elagabalus the Cudgeller (Gargoyle Fighter)         Turns: 2343, Time: 00:20:42

Health: -3/32      AC: 14    Str: 20    XL:     5   Next: 66%
Magic:  5/5        EV:  7    Int:  9    God:
Gold:   178        SH:  5    Dex:  9    Spells: 4/4 levels left

rFire   . . .      SeeInvis .   a - +0 flail
rCold   . . .      Faith    .   c - +1 buckler
rNeg    + . .      Spirit   .   f - +0 chain mail
rPois   ∞          Reflect  .   (no helmet)
rElec   +          Harm     .   (no cloak)
rCorr   .          Rampage  .   j - +0 pair of gloves
Will    .....                   (no boots)
Stlth   ..........              (no amulet)
HPRegen 0.10/turn               n - ring of flight
MPRegen 0.09/turn               (no ring)

@: flying
A: sickness immunity, AC +4, negative energy resistance 1, electricity
resistance, torment resistance 1, petrification resistance
a: no special abilities


You were on level 4 of the Dungeon.
You visited 1 branch of the dungeon, and saw 4 of its levels.

You collected 178 gold pieces.

Inventory:

Hand Weapons
 a - a +0 flail (weapon)
Missiles
 e - 87 stones (quivered)
Armour
 c - a +1 buckler (worn)
 f - a +0 chain mail (worn)
 j - a +0 pair of gloves (worn)
Jewellery
 n - a ring of flight (left hand)
Scrolls
 m - a scroll of enchant armour
 o - a scroll of amnesia
Potions
 b - a potion of brilliance
 d - 2 potions of might
 h - 3 potions of berserk rage
 i - a potion of ambrosia {unknown}
 k - a potion of attraction
 l - a potion of heal wounds {unknown}


   Skills:
 - Level 3.2 Fighting
 * Level 5.3 Maces & Flails
 - Level 3.2 Armour
 - Level 4.0 Shields


You had 4 spell levels left.
You didn't know any spells.
Your spell library contained the following spells:

 Spells                   Type           Power      Damage    Failure   Level
 Ensorcelled Hibernation  Hex/Ice        0%         N/A       99%         2
 Tukima's Dance           Hex            0%         N/A       100%        3


Dungeon Overview and Level Annotations

Branches:
Dungeon (4/15)
 Temple: D:4-7

Altars:
Gozag


Innate Abilities, Weirdness & Mutations

You are immune to sickness and miasma.
Your stone body is resilient. (AC +4)
You are immune to poison.
You resist negative energy. (rN+)
You are resistant to electric shocks. (rElec)
You are resistant to unholy torment.
You are immune to petrification.


Message History

You hit the gnoll.
The gnoll is severely wounded.
The gnoll hits you with a +0 flail!
You hit the gnoll.
You kill the gnoll!
You sock the gnoll!
The gnoll is severely wounded.
You block the gnoll's attack. The gnoll hits you but does no damage.
You hit the gnoll but do no damage.
The gnoll is severely wounded.
The gnoll closely misses you. The gnoll hits you but does no damage.
You barely miss the gnoll.
The gnoll is severely wounded.
The gnoll closely misses you.
The gnoll hits you from afar with a +0 halberd.
The gnoll hits you but does no damage.
You barely miss the gnoll.
The gnoll is severely wounded.
The gnoll barely misses you. You block the gnoll's attack.
You hit the gnoll but do no damage.
The gnoll is severely wounded.
The gnoll hits you from afar with a +0 halberd.
You barely miss the gnoll.
The gnoll is severely wounded.
The gnoll closely misses you. The gnoll hits you but does no damage.
The gnoll hits you from afar with a +0 halberd.
* * * LOW HITPOINT WARNING * * *
You barely miss the gnoll.
The gnoll is severely wounded.
The gnoll hits you but does no damage.
You feel better. The gnoll barely misses you. You block the gnoll's attack.
You closely miss the gnoll.
The gnoll is severely wounded.
The gnoll closely misses you.
The gnoll hits you from afar with a +0 halberd!
* * * LOW HITPOINT WARNING * * *
You hit the gnoll.
You kill the gnoll!
The gnoll hits you from afar with a +0 halberd!
You die...

# ### ## #.####
# .## ##.##@##
## #.##
#.g.g#.### ##.
#..###
###..g###..##
##..
#....#####...†##
##..## ###†..
..............#
##..### ##....#
.........#....#
##...###....#.
..............##
##...........
###..........g.#
##..........
#.........g..##
###........


You could see 3 gnolls.

Vanquished Creatures
  2 iguanas (D:4)
  4 gnolls (D:4)
  2 adders (D:3)
  3 worms
  3 dart slugs
  An orc (D:3)
  5 ball pythons
  6 bats
  7 endoplasms
  4 giant cockroaches
  8 goblins
  6 hobgoblins
  5 jackals
  3 quokkas
  2 frilled lizards
  4 kobolds
  4 rats
69 creatures vanquished.

Vanquished Creatures (others)
  A hobgoblin (D:1)
  A demonic plant (D:2)
  2 plants (D:3)
4 creatures vanquished.

Grand Total: 73 creatures vanquished

Notes
Turn   | Place    | Note
-------+----------+-------------------------------------------
     0 | D:1      | elagabalus the Gargoyle Fighter began the quest for the
                  | Orb.
     0 | D:1      | Reached XP level 1. HP: 14/14 MP: 1/1
   131 | D:1      | Reached XP level 2. HP: 14/19 MP: 2/2
   265 | D:1      | Reached XP level 3. HP: 22/23 MP: 3/3
   377 | D:1      | Reached skill level 3 in Maces & Flails
   651 | D:2      | Upgraded the game from 0.28-a0-802-g09f76e8c00 to
                  | 0.28-a0-804-g60983d4ba9
   661 | D:2      | You fall into a shaft and drop 1 floor!
   706 | D:3      | Found an opulent altar of Gozag.
   875 | D:3      | Reached XP level 4. HP: 25/28 MP: 4/4
  1231 | D:2      | Noticed a hell beast
  1232 | D:2      | Found a faded altar of an unknown god.
  1254 | D:2      | Reached skill level 4 in Maces & Flails
  1989 | D:4      | Reached XP level 5. HP: 32/32 MP: 5/5
  2218 | D:4      | Reached skill level 5 in Maces & Flails
  2343 | D:4      | Slain by a gnoll

Illustrated notes

Levels and vault maps discovered:
D:1:      shiori_arrival_oz, layout_rooms
D:2:      layout_basic, dreamdust_ecumenical_altar_sealed_demon,
          kennysheep_doodads
D:3:      layout_basic, nicolae_gozag_seed_capital, serial_bayou_pond_c
D:4:      layout_layer_cave

Skill      XL: |  1  2  3  4  5 |
---------------+----------------+-----
Maces & Flails | 3 4 5 |  5.3
Shields        | 4 |  4.0
Fighting       | |  3.2
Armour         | |  3.2

Action                   |  1- 3 |  4- 6 || total
-------------------------+-------+-------++-------
Melee: Flail             |   125 |   142 ||   267
  Use: Scroll            |     5 |     4 ||     9
       Potion            |       |     1 ||     1
Armor: Scale mail        |    72 |       ||    72
       Chain mail        |       |    85 ||    85
Dodge: Dodged            |    70 |    43 ||   113
Block: Buckler           |    30 |    16 ||    46

Table legend: (Time is in decaauts)
 A = Elapsed time spent in this place.
 B = Non-inter-level travel time spent in this place.
 C = Inter-level travel time spent in this place.
 D = Time resting spent in this place.
 E = Time spent auto-exploring this place.
 F = Levels seen in this place.
 G = Mean time per level.
                   A        B        C        D        E       F      G
               +--------+--------+--------+--------+--------+-----+--------+
         Total |   2402 |    763 |   1639 |      0 |      3 |   4 |  600.5 |
       Dungeon |   2402 |    763 |   1639 |      0 |      3 |   4 |  600.5 |
               +--------+--------+--------+--------+--------+-----+--------+

Top non-repeatable levels by time:
     D:3: 730 daAuts
     D:2: 674 daAuts
     D:1: 513 daAuts
     D:4: 483 daAuts
